 Dungeon Crawl Stone Soup version 0.22.0-21-g8bd1b0a76a (webtiles) character file.

152 Kirk the Chopper (level 5, 15/58 HPs)
             Began as a Demonspawn Gladiator on Aug 20, 2018.
             Quit the game on level 2 of the Dungeon.
             The game lasted 00:03:02 (2023 turns).

Kirk the Chopper (Demonspawn Gladiator)             Turns: 2023, Time: 00:03:03

Health: 15/58      AC: 22    Str: 16    XL:     5   Next: 11%
Magic:  0/5        EV:  2    Int:  9    God:
Gold:   11         SH:  0    Dex: 14    Spells: 4/4 levels left

rFire    . . .     SeeInvis .   a - +0 war axe
rCold    + . .     Gourm    .   (no shield)
rNeg     + + +     Faith    .   (armour currently unavailable)
rPois    +         Spirit   +   (helmet currently unavailable)
rElec    .         Reflect  .   (cloak currently unavailable)
rCorr    .         Harm     .   (gloves currently unavailable)
MR       .....     NoTele   +   (boots currently unavailable)
Stlth    +.........             (no amulet)
HPRegen  1.19/turn              (no ring)
MPRegen  0.09/turn              j - ring of protection from cold

@: tree-form
A: powered by death 1, magic shield
a: no special abilities


You were on level 2 of the Dungeon.
You were hungry.
You were a tree.
You visited 1 branch of the dungeon, and saw 2 of its levels.

You collected 11 gold pieces.

Inventory:

Hand Weapons
 a - a +0 war axe (weapon)
Missiles
 d - 3 throwing nets (quivered)
Armour
 b - a +0 leather armour (melded)
 c - a +0 helmet (melded)
Jewellery
 j - a ring of protection from cold (right branch)
Scrolls
 e - a scroll of fear {unknown}
 h - a scroll of teleportation {unknown}
 i - 2 scrolls of remove curse
 n - a scroll of immolation {unknown}
Potions
 l - a potion of brilliance
 m - a potion of curing
Comestibles
 f - a ration


   Skills:
 + Level 2.4 Fighting
 * Level 4.7 Axes
 - Level 1.7 Throwing
 + Level 1.6 Armour
 - Level 2.6 Dodging


You had 4 spell levels left.
You didn't know any spells.
Your spell library was empty.

Dungeon Overview and Level Annotations

Branches:
Dungeon (2/15)

Altars:


Innate Abilities, Weirdness & Mutations

((You have large cloven feet.))
((You are partially covered in large bone plates. (SH +4)))
You regenerate a little health from kills.
When hurt, damage is shared between your health and your magic reserves.


Message History

You hit the gnoll. Your kick misses the gnoll.
The gnoll is severely wounded.
You block the gnoll's attack.
The gnoll hits you from afar with a spear!
* * * LOW HITPOINT WARNING * * *
Unknown command.
You feel better. The gnoll closely misses you.
The gnoll hits you from afar with a spear.
* * * LOW HITPOINT WARNING * * *
You turn into a tree.
Your +0 helmet melds into your body.
Your +0 leather armour melds into your body.
Your roots penetrate the ground.
The gnoll hits you but does no damage. x2
Unknown command.
You hit the gnoll.
You kill the gnoll!
The gnoll hits you but does no damage.
Unknown command.
You cannot move.
You aren't carrying any items that you can evoke.
Are you sure you want to abandon this character and quit the game? (Confirm with "yes".)

######### #.# #### #.......#
#.# ... . #.......####
#.####.#### #.......##.#
#..........
#.......##.######.#........
#.......<.......(........#.
............................
......#.#..)(g....(.........
........#..♣##.##.##g.......
.............#.##.##........
##........#..#.##.##..g.#...
...#....<#..#.##.##...g#...
.............##.###.#.....
................#.g((.#...
...........#.####)###.#...
.............# #<...(....
.......##..### #.###(...#


You could see a gnoll.

Vanquished Creatures
  A scorpion (D:2)
  3 gnolls (D:2)
  4 adders (D:2)
  An ooze (D:1)
  3 goblins (D:1)
  5 hobgoblins
  4 jackals (D:1)
  2 kobolds
  2 ball pythons
  5 bats
  3 frilled lizards
  6 rats
39 creatures vanquished.

Notes
Turn   | Place    | Note
-------+----------+-------------------------------------------
     0 | D:1      | Kirk the Demonspawn Gladiator began the quest for the Orb.
     0 | D:1      | Reached XP level 1. HP: 16/16 MP: 1/1
    46 | D:1      | Reached skill level 3 in Axes
   352 | D:1      | Gained mutation: You regenerate a little health from kills. [demonic ancestry]
   352 | D:1      | Reached XP level 2. HP: 22/22 MP: 2/2
  1081 | D:2      | Gained mutation: You have large cloven feet. [demonic ancestry]
  1081 | D:2      | Reached XP level 3. HP: 27/27 MP: 3/3
  1201 | D:2      | Reached skill level 4 in Axes
  1201 | D:2      | Reached skill level 1 in Armour
  1207 | D:2      | Gained mutation: You are partially covered in large bone plates. (SH +4) [demonic ancestry]
  1207 | D:2      | Reached XP level 4. HP: 32/33 MP: 4/4
  2015 | D:2      | Gained mutation: When hurt, damage is shared between your health and your magic reserves. [demonic ancestry]
  2015 | D:2      | Reached XP level 5. HP: 23/39 MP: 5/5
  2023 | D:2      | Quit the game

Skill      XL: |  1  2  3 |
---------------+----------+-----
Axes           | 3 4 |  4.7
Armour         | 1 |  1.6
Fighting       | |  2.4
Throwing       | |  1.7
Dodging        | |  2.6

Action                   |  1- 3 |  4- 6 || total
-------------------------+-------+-------++-------
Melee: War axe           |    91 |    37 ||   128
       Kick              |     1 |     9 ||    10
  Use: Potion            |     2 |     2 ||     4
       Scroll            |       |     3 ||     3
  Eat: Chunk             |     1 |     2 ||     3
Armor: Leather armour    |    54 |     7 ||    61
       Skin              |       |     3 ||     3
Dodge: Dodged            |    84 |    43 ||   127
Block: Other             |       |     5 ||     5
